 Dungeon Crawl Stone Soup version 0.29-a0-617-g7a6b98fccd (webtiles) character file.

Game seed: 18191332219881902256

107 Heheheha the Chopper (level 4, -5/40 HPs)
             Began as a Minotaur Berserker on June 18, 2022.
             Was a Believer of Trog.
             Slain by an ogre
             ... wielding a +0 giant club
              (28 damage)
             ... on level 3 of the Dungeon.
             The game lasted 00:18:10 (2232 turns).

Heheheha the Chopper (Minotaur Berserker)           Turns: 2232, Time: 00:18:11

Health: -5/40      AC:  6    Str: 23    XL:     4   Next: 56%
Magic:  3/3        EV: 16    Int:  4    God:    Trog [**....]
Gold:   73         SH:  0    Dex: 10    Spells: 3/3 levels left

rFire   . . .      SeeInvis +   a - +0 hand axe
rCold   . . .      Faith    .   (no shield)
rNeg    . . .      Spirit   .   f - +3 leather armour "Ytiastrab" {rPois Slay+3 SInv}
rPois   +          Reflect  .   (helmet restricted)
rElec   .          Harm     .   (no cloak)
rCorr   .          Rampage  .   (no gloves)
Will    .....                   (no boots)
Stlth   +.........              (no amulet)
HPRegen 0.13/turn               h - +4 ring of evasion
MPRegen 0.08/turn               (no ring)

@: no status effects
A: horns 2, retaliatory headbutt
a: Renounce Religion, Berserk, Trog's Hand


You were on level 3 of the Dungeon.
You worshipped Trog.
Trog was pleased with you.
You visited 1 branch of the dungeon, and saw 3 of its levels.

You collected 73 gold pieces.

Inventory:

Hand Weapons
 a - a +0 hand axe (weapon)
Missiles
 i - 58 stones (quivered)
Armour
 b - a +0 animal skin
 f - the +3 leather armour "Ytiastrab" (worn) {rPois Slay+3 SInv}
   (You took it off a hobgoblin on level 2 of the Dungeon)

   Slay:      It affects your accuracy & damage with ranged weapons and melee
   (+3).
   rPois:     It protects you from poison.
   SInv:      It lets you see invisible.
 l - an orb of wrath
Jewellery
 h - a +4 ring of evasion (left hand)
Scrolls
 c - 2 scrolls of fog {unknown}
 g - 2 scrolls of teleportation {unknown}
 j - a scroll of torment {unknown}
 k - a scroll of brand weapon {unknown}
Potions
 d - a potion of resistance {unknown}
 e - a potion of attraction


   Skills:
 + Level 4.2 Fighting
 * Level 4.8 Axes
 * Level 3.9 Armour
 + Level 3.0 Dodging


You had 3 spell levels left.
You didn't know any spells.
Your spell library was empty.

Dungeon Overview and Level Annotations

Branches:
Dungeon (3/15)

Altars:
Gozag

Shops:
D:2 (


Innate Abilities, Weirdness & Mutations

You have a pair of horns on your head.
You reflexively headbutt those who attack you in melee.


Message History

No target in view!
A kobold comes into view. It is wielding a +0 short sword.
The kobold shouts!
A kobold is nearby!
The kobold closely misses you.
You slash the kobold!
You kill the kobold!
Trog accepts your kill.
Things that are here:
a +0 short sword; a kobold corpse
Things that are here:
a +0 short sword; a kobold corpse An orc comes into view.
It is wielding a +0 dagger.
The orc shouts!
An orc is nearby!
An ogre comes into view. It is wielding a +0 giant club.
The ogre shouts!
The orc completely misses you.
You barely miss the orc. Your headbutt misses the orc.
The orc barely misses you.
You slash the orc!
You kill the orc!
Trog accepts your kill.
Your Dodging skill increases to level 3!
Things that are here:
a +0 dagger; an orc corpse; a giant cockroach corpse The ogre hits you with a +0 giant club!!
You barely miss the ogre. The ogre barely misses you.
You hit the ogre.
The ogre is lightly wounded.
Okay, then.
Things that are here:
a +0 dagger; an orc corpse; a giant cockroach corpse
Okay, then.
Okay, then.
There is a stone staircase leading up here.
You open the door.
The ogre hits you with a +0 giant club!!
Ouch! That really hurt!
You die...

.... #..# #..#
#####..# ###
#......# ...
#......#
###.#####......#
...:.........O.#
.............#@#
.........<...'.#
........)....###
...##+##.###.#
#....# #)#
........# #.#
#######.# #.#
#.# #.# #.###.#


You could see an ogre.

Vanquished Creatures
  4 gnolls (D:2)
  An adder (D:2)
  A worm (D:3)
  A dart slug (D:1)
  An orc (D:3)
  5 ball pythons
  6 bats
  8 endoplasms
  3 giant cockroaches
  5 hobgoblins
  2 kobolds
  4 quokkas
  4 frilled lizards (D:2)
  4 goblins (D:1)
  A rat (D:2)
50 creatures vanquished.

Notes
Turn   | Place    | Note
-------+----------+-------------------------------------------
     0 | D:1      | Heheheha the Minotaur Berserker began the quest for the
                  | Orb.
     0 | D:1      | Reached XP level 1. HP: 19/19 MP: 0/0
   223 | D:1      | Reached XP level 2. HP: 27/27 MP: 1/1
   738 | D:1      | Reached ** piety under Trog
  1004 | D:2      | Reached XP level 3. HP: 10/33 MP: 2/2
  1213 | D:2      | Identified the +3 leather armour "Ytiastrab" {rPois Slay+3
                  | SInv}
  1452 | D:2      | Reached XP level 4. HP: 30/40 MP: 3/3
  1808 | D:2      | Found Tuesmaru's Antique Weapon Boutique.
  1905 | D:2      | Found an opulent altar of Gozag.
  2218 | D:3      | Noticed an ogre
  2232 | D:3      | Slain by an ogre

Illustrated notes

Levels and vault maps discovered:
D:1:      wander_arrival_chamber, layout_loops_cross, st_stairs_1, minivault_14,
          minmay_misc_feat_rows
D:2:      layout_basic, basic_altar, serial_shops, nicolae_square_shop
D:3:      layout_basic, uniq_robin, uniq_ijyb

Skill      XL: |  1  2  3  4 |
---------------+-------------+-----
Axes           | 4 |  4.8
Armour         | 3 |  3.9
Fighting       | 4 |  4.2
Dodging        | 3 |  3.0

Action                   |  1- 3 |  4- 6 || total
-------------------------+-------+-------++-------
Melee: Hand axe          |    59 |    25 ||    84
       Headbutt          |     5 |     2 ||     7
       Punch             |     1 |       ||     1
Invok: Berserk           |     2 |       ||     2
  Use: Potion            |     3 |       ||     3
Armor: Animal skin       |     7 |       ||     7
       Leather armour    |     4 |     7 ||    11
Dodge: Dodged            |    49 |    24 ||    73

Table legend: (Time is in decaauts)
 A = Elapsed time spent in this place.
 B = Non-inter-level travel time spent in this place.
 C = Inter-level travel time spent in this place.
 D = Time resting spent in this place.
 E = Time spent auto-exploring this place.
 F = Levels seen in this place.
 G = Mean time per level.
                   A        B        C        D        E       F      G
               +--------+--------+--------+--------+--------+-----+--------+
         Total |   2265 |   2241 |     24 |    428 |    883 |   3 |  755.0 |
       Dungeon |   2265 |   2241 |     24 |    428 |    883 |   3 |  755.0 |
               +--------+--------+--------+--------+--------+-----+--------+

Top non-repeatable levels by time:
     D:2: 1257 daAuts
     D:1: 968 daAuts
     D:3: 40 daAuts
